 Dungeon Crawl Stone Soup version 0.30-a0-122-g2a1322497e (webtiles) character file.

Game seed: 3038760635039598384

51 GandalfHyperdrive the Digger (level 3, -7/19 HPs)
             Began as a Gargoyle Earth Elementalist on Sept 17, 2022.
             Killed by divine providence
             ... invoked by an orc priest
              (13 damage)
             ... on level 3 of the Dungeon.
             The game lasted 00:16:52 (2277 turns).

GandalfHyperdrive the Digger (GrEE)                 Turns: 2277, Time: 00:16:56

Health: -7/19      AC:  5    Str: 11    XL:     3   Next: 81%
Magic:  7/7        EV: 11    Int: 17    God:
Gold:   78         SH:  0    Dex: 10    Spells: 4/8 levels left

rFire   . . .      SeeInvis .    f - +2 dagger (venom)
rCold   . . .      Faith    .    (no shield)
rNeg    + . .      Spirit   .    a - +0 robe
rPois   ∞          Reflect  .    (no helmet)
rElec   +          Harm     .    (no cloak)
rCorr   .          Rampage  .    (no gloves)
Will    .....                    (no boots)
Stlth   ++........               (no amulet)
HPRegen 0.06/turn                (no ring)
MPRegen 0.10/turn                (no ring)

@: no status effects
A: sickness immunity, AC +3, negative energy resistance 1, electricity
resistance, torment resistance 1, petrification resistance
a: no special abilities


You were on level 3 of the Dungeon.
You visited 1 branch of the dungeon, and saw 3 of its levels.

You collected 78 gold pieces.

Inventory:

Hand Weapons
 f - a +2 dagger of venom (weapon)
 g - a +0 whip of venom
Missiles
 e - 7 stones
 m - 6 poisoned darts
 n - 3 atropa-tipped darts
Armour
 a - a +0 robe (worn)
 o - a +0 robe
Jewellery
 l - a +6 ring of intelligence
Scrolls
 c - 4 scrolls of identify {unknown}
 i - 3 scrolls of teleportation {unknown}
 j - a scroll of enchant armour {unknown}
 k - a scroll of butterflies {unknown}
Potions
 b - a potion of magic
 d - a potion of berserk rage {unknown}
 h - 4 potions of curing {unknown}
 p - a potion of brilliance {unknown}


   Skills:
 - Level 1.5 Dodging
 - Level 2.1 Stealth
 + Level 3.0 Spellcasting
 - Level 0.7 Transmutations
 + Level 4.7 Earth Magic


You had 4 spell levels left.
You knew the following spells:

 Your Spells              Type           Power      Damage    Failure   Level
a - Sandblast             Erth           36%        2d10      2%          1
b - Stone Arrow           Conj/Erth      20%        3d8       21%         3

Your spell library contained the following spells:

 Spells                   Type           Power      Damage    Failure   Level
 Passwall                 Tmut/Erth      9%         N/A       9%          2
 Petrify                  Tmut/Erth      11%        N/A       50%         4


Dungeon Overview and Level Annotations

Branches:
Dungeon (3/15)

Altars:
Wu Jian

Annotations:
D:3 3 runed translucent doors, Decritt's ghost, amateur HOFi


Innate Abilities, Weirdness & Mutations

You are immune to sickness and miasma.
Your stone body is resilient. (AC +3)
You are immune to poison.
You resist negative energy. (rN+)
You are resistant to electric shocks. (rElec)
You are resistant to unholy torment.
You are immune to petrification.


Message History

Confirm with . or Enter, or press ? or * to list all spells.
You don't know that spell.
The orc hits you with a +0 club.
You hit the orc.
The orc is poisoned.
The orc is moderately wounded.
The orc barely misses you.
You kill the orc!
The frilled lizard bites you but does no damage.
You barely miss the frilled lizard.
The frilled lizard bites you but does no damage.
The frilled lizard attacks as you move away!
The frilled lizard bites you.
You hit the frilled lizard.
You kill the frilled lizard!
You barely miss the orc. The orc hits you with a +0 falchion.
You hit the orc.
The orc is poisoned.
The orc is lightly wounded.
The orc hits you with a +0 falchion. The orc hits you with a +0 falchion.
The orc hits you but does no damage. The orc hits you with a +0 falchion.
You hit the orc priest.
The orc priest is moderately wounded.
The orc closely misses you. The orc priest closely misses you.
The orc hits you but does no damage.
You closely miss the orc priest.
The orc priest is moderately wounded.
The orc priest looks satisfied for a moment.
The orc completely misses you. The orc barely misses you.
You hit the orc priest.
The orc priest is poisoned.
The orc priest is heavily wounded.
The orc hits you but does no damage.
The orc priest miscasts a cantrip.
The orc hits you with a +0 falchion.
You closely miss the orc priest.
The orc priest is heavily wounded.
The orc closely misses you.
The orc priest calls down the wrath of Beogh upon you.
Beogh smites you!
Ouch! That really hurt!
You die... .....# .....# ####### .....# #.....##.≈§§§# .....# #.....# ..... ###### #.....# .._.. #.....# ... #.)...# oo.

#...o.# #o# #..@o.####'#
#.## #...o....#.#
######......##.......†).#
..............>.......###
...###.####.##........#
.......# # #........#
...########.##........#
............##.########
.#.#..###### #.#


You could see an orc priest (very poisoned) and 2 orcs.

Vanquished Creatures
  2 adders
  An orc (D:3)
  2 ball pythons (D:2)
  2 endoplasms (D:2)
  A giant cockroach (D:2)
  A hobgoblin (D:2)
  A quokka (D:3)
  2 bats (D:2)
  4 frilled lizards
  4 goblins
  5 kobolds
  10 rats
35 creatures vanquished.

Notes
Turn   | Place    | Note
-------+----------+-------------------------------------------
     0 | D:1      | GandalfHyperdrive the Gargoyle Earth Elementalist began the
                  | quest for the Orb.
     0 | D:1      | Reached XP level 1. HP: 10/10 MP: 3/3
   561 | D:1      | Reached XP level 2. HP: 15/15 MP: 5/5
   577 | D:1      | Reached skill level 4 in Earth Magic
   628 | D:1      | You fall into a shaft and drop 1 floor!
   844 | D:2      | Reached XP level 3. HP: 13/19 MP: 6/6
   976 | D:2      | Learned a level 3 spell: Stone Arrow
  1928 | D:3      | Found a runed translucent gate.
  1928 | D:3      | Found a runed translucent gate.
  1929 | D:3      | Found a runed translucent gate.
  1931 | D:3      | Noticed Decritt's ghost (amateur HOFi)
  2254 | D:3      | Found an ornate altar of the Wu Jian Council.
  2277 | D:3      | Killed from afar by an orc priest

Illustrated notes

Levels and vault maps discovered:
D:1:      elethiomel_arrival_diamonds, layout_loops_ring,
          ebering_ecumenical_altar_webs, minivault_24
D:2:      layout_loops_corners
D:3:      layout_basic, nicolae_wu_jian_glorious_leap, pf_just_have_faith,
          gammafunk_ghost_necromancy, nicolae_figureground_pulse

Skill      XL: |  1  2  3 |
---------------+----------+-----
Earth Magic    | 4 |  4.7
Spellcasting   | 3 |  3.0
Dodging        | |  1.5
Stealth        | |  2.1
Transmutations | |  0.7

Action                   || total
-------------------------++-------
Melee: Unarmed           ||    10
       Dagger            ||    60
 Cast: Sandblast         ||    15
 Stab: Distracted        ||     1
Armor: Robe              ||    23
Dodge: Dodged            ||    28

Table legend: (Time is in decaauts)
 A = Elapsed time spent in this place.
 B = Non-inter-level travel time spent in this place.
 C = Inter-level travel time spent in this place.
 D = Time resting spent in this place.
 E = Time spent auto-exploring this place.
 F = Levels seen in this place.
 G = Mean time per level.
                   A        B        C        D        E       F      G
               +--------+--------+--------+--------+--------+-----+--------+
         Total |   2284 |   2245 |     39 |    576 |   1104 |   3 |  761.3 |
       Dungeon |   2284 |   2245 |     39 |    576 |   1104 |   3 |  761.3 |
               +--------+--------+--------+--------+--------+-----+--------+

Top non-repeatable levels by time:
     D:2: 996 daAuts
     D:3: 653 daAuts
     D:1: 635 daAuts
